 Dungeon Crawl Stone Soup version 0.32-a0-872-g59262bdc9b (webtiles) character file.

Game seed: 18112798927603152588

264 Biggs the Shooter (level 6, -10/44 HPs)
             Began as a Coglin Hunter on Mar 30, 2024.
             Mangled by an orc warrior
             ... wielding a +0 battleaxe
              (17 damage)
             ... on level 5 of the Dungeon.
             The game lasted 00:05:12 (2970 turns).

Biggs the Shooter (Coglin Hunter)                   Turns: 2970, Time: 00:05:12

Health: -10/44     AC:  5    Str: 12    XL:     6   Next: 19%
Magic:  6/6        EV: 11    Int:  8    God:
Gold:   234        SH:  0    Dex: 19    Spells: 5/5 levels left

rFire   . . .        a - +2 sling {Akal}
rCold   + . .        d - +0 sling {Constanze}
rNeg    . . .        q - +1 leather armour {rC+}
rPois   .            (no helmet)
rElec   .            (no cloak)
rCorr   .            (no gloves)
SInv    .            p - +0 pair of boots
Will    .....        (amulet unavailable)
Stlth   ++           (ring unavailable)
HPRegen 0.27/turn    (ring unavailable)
MPRegen 0.10/turn    (no gizmo)

%: no passive effects
@: revved
A: off-hand wielding, slow wielding, warmup strikes, no jewellery
a: Invent Gizmo


You were on level 5 of the Dungeon.
You visited 1 branch of the dungeon, and saw 5 of its levels.

You collected 234 gold pieces.

Inventory:

Hand Weapons
 a - a +2 sling (weapon) {Akal}
 d - a +0 sling (offhand) {Constanze}
Armour
 p - a +0 pair of boots (worn)
 q - a +1 leather armour of cold resistance (worn)
Wands
 i - a wand of roots (8)
Scrolls
 b - a scroll of butterflies
 f - 2 scrolls of enchant armour {unknown}
 g - 4 scrolls of teleportation {unknown}
 k - a scroll of amnesia {unknown}
 l - 3 scrolls of identify {unknown}
 m - a scroll of immolation {unknown}
 o - 2 scrolls of noise {unknown}
Potions
 e - a potion of curing
 h - 2 potions of might {unknown}
 j - a potion of cancellation {unknown}
 n - a potion of haste {unknown}


   Skills:
 - Level 2.0 Fighting
 + Level 6.6 Ranged Weapons
 - Level 1.7 Dodging
 - Level 0.7 Stealth


You had 5 spell levels left.
You didn't know any spells.
Your spell library contained the following spells:

 Spells                   Type           Power      Damage    Failure   Level
 Freeze                   Ice            0%         1d3       50%         1
 Kiss of Death            Conj/Necr      0%         2d5       50%         1
 Necrotise                Necr           0%         1d4       50%         1
 Call Imp                 Summ           0%         N/A       63%         2
 Ensorcelled Hibernation  Hex/Ice        0%         N/A       63%         2
 Sublimation of Blood     Necr           0%         N/A       63%         2
 Confusing Touch          Hex            0%         N/A       86%         3
 Frozen Ramparts          Ice            0%         1d1       86%         3
 Hailstorm                Conj/Ice       0%         3d5       86%         3
 Passwall                 Erth           0%         N/A       86%         3
 Swiftness                Air            0%         N/A       86%         3
 Vampiric Draining        Necr           0%         2d6       86%         3
 Dispel Undead            Necr           0%         3d6       99%         4
 Martyr's Knell           Necr/Summ      0%         N/A       99%         4
 Curse of Agony           Necr           0%         N/A       100%        5
 Summon Hydra             Summ           0%         N/A       100%        7


Dungeon Overview and Level Annotations

Branches:
Dungeon (4/15)
 Temple: D:4-7

Altars:
Gozag
Hepliaklqana


Innate Abilities, Weirdness & Mutations

You can wield a second weapon in your off-hand.
It takes a long time for you to wield or remove held weapons.
Your first few attacks do less damage.
You cannot equip rings or amulets.


Message History

Unknown command.
You are too injured to fight recklessly!
You are too injured to fight recklessly!
Unknown command.
You are too injured to fight recklessly!
Unknown command.
You are too injured to fight recklessly!
Unknown command.
Fire: a) +2 sling {Akal}
Press: ? - help, Q - select action, (/) - cycle Shift-Dir - straight line, f/p - orc warrior
Aim: an orc warrior, wielding a +0 battleaxe and wearing a +0 chain mail (heavily wounded, 62% to hit)
You shoot a sling bullet. The sling bullet hits the orc warrior.
The orc warrior is severely wounded.
You shoot a sling bullet.
The sling bullet closely misses the orc warrior.
The orc warrior hits you with a +0 battleaxe!
Fire: a) +2 sling {Akal}
Press: ? - help, Q - select action, (/) - cycle Shift-Dir - straight line, f/p - orc warrior
Aim: an orc warrior, wielding a +0 battleaxe and wearing a +0 chain mail (severely wounded, 62% to hit)
You shoot a sling bullet. The sling bullet hits the orc warrior.
The orc warrior is severely wounded.
You shoot a sling bullet. The sling bullet hits the orc warrior.
The orc warrior is severely wounded.
The orc warrior hits you with a +0 battleaxe!
* * * LOW HITPOINT WARNING * * *
Unknown command.
Unknown command.
Okay, then.
It was a potion of curing.
You feel better. The orc warrior barely misses you.
Unknown command.
Fire: a) +2 sling {Akal}
Press: ? - help, Q - select action, (/) - cycle Shift-Dir - straight line, f/p - orc warrior
Aim: an orc warrior, wielding a +0 battleaxe and wearing a +0 chain mail (severely wounded, 62% to hit)
You shoot a sling bullet.
The sling bullet closely misses the orc warrior.
You shoot a sling bullet.
The sling bullet hits the orc warrior but does no damage.
The orc warrior is severely wounded.
The orc warrior hits you with a +0 battleaxe!
You die...

..# #.# ## ..#
.. #.##( #...
#..#####
#....#. #@# .#.
#o# ... #.# #.#
#.# #.# #.# #.#
##.###.##
##...#...######
#.............#
#........####.#


You could see an orc warrior.

Vanquished Creatures
  2 bombardier beetles (D:4)
  2 hounds (D:4)
  An orc wizard (D:5)
  An adder (D:3)
  A white imp (D:4)
  2 ribbon worms (D:2)
  6 dart slugs
  2 orcs
  6 bats
  2 endoplasms
  12 giant cockroaches
  5 hobgoblins
  4 jackals (D:1)
  2 quokkas
  11 ball pythons
  A frilled lizard (D:1)
  3 goblins
  8 kobolds
  9 rats
80 creatures vanquished.

Notes
Turn   | Place    | Note
-------+----------+-------------------------------------------
     0 | D:1      | Biggs the Coglin Hunter began the quest for the Orb.
     0 | D:1      | Reached XP level 1. HP: 16/16 MP: 1/1
   101 | D:1      | Reached skill level 4 in Ranged Weapons
   101 | D:1      | Reached XP level 2. HP: 22/22 MP: 2/2
   390 | D:1      | Reached XP level 3. HP: 27/27 MP: 3/3
  1105 | D:2      | Reached skill level 5 in Ranged Weapons
  1110 | D:2      | Reached XP level 4. HP: 33/33 MP: 4/4
  1725 | D:3      | Found an opulent altar of Gozag.
  2266 | D:4      | Found a hazy altar of Hepliaklqana.
  2363 | D:4      | Reached XP level 5. HP: 28/38 MP: 5/5
  2583 | D:4      | Reached skill level 6 in Ranged Weapons
  2806 | D:4      | Reached XP level 6. HP: 44/44 MP: 6/6
  2906 | D:4      | You fall into a shaft and drop 1 floor!
  2906 | D:5      | Entered Level 5 of the Dungeon
  2949 | D:5      | Noticed an orc warrior
  2968 | D:5      | HP: 1/44 [orc warrior/+0 battleaxe (13)]
  2970 | D:5      | Mangled by an orc warrior

Illustrated notes

Levels and vault maps discovered:
D:1:      dpeg_cavernosity, layout_basic, minmay_hedge_maze
D:2:      minmay_roachtagon, layout_basic
D:3:      layout_loops_ring, amcnicky_altar_gilded
D:4:      layout_gridville, worldfamousw_hep_ancestral_shrine,
          chequers_hall_statues_wall_a
D:5:      layout_loops_ring, serial_shops, nicolae_shop_advertising_works
          [nicolae_subvault_shop_adworks], gammafunk_ghost_arena,
          minmay_ogre_servants

Skill      XL: |  1  2  3  4  5 |
---------------+----------------+-----
Ranged Weapons | 4 5 6 |  6.6
Fighting       | |  2.0
Dodging        | |  1.7
Stealth        | |  0.7

Action                     |  1- 3 |  4- 6 || total
---------------------------+-------+-------++-------
   Fire: Sling             |   166 |   176 ||   342
    Use: Potion            |       |     1 ||     1
 Armour: Leather armour    |    10 |    12 ||    22
  Dodge: Dodged            |    13 |    11 ||    24

Table legend: (Time is in decaauts)
 A = Elapsed time spent in this place.
 B = Non-inter-level travel time spent in this place.
 C = Inter-level travel time spent in this place.
 D = Time resting spent in this place.
 E = Time spent auto-exploring this place.
 F = Levels seen in this place.
 G = Mean time per level.
                   A        B        C        D        E       F      G
               +--------+--------+--------+--------+--------+-----+--------+
         Total |   3000 |   2916 |     84 |      0 |   2532 |   5 |  600.0 |
       Dungeon |   3000 |   2916 |     84 |      0 |   2532 |   5 |  600.0 |
               +--------+--------+--------+--------+--------+-----+--------+

Top non-repeatable levels by time:
     D:1: 769 daAuts
     D:3: 729 daAuts
     D:4: 725 daAuts
     D:2: 709 daAuts
     D:5: 65 daAuts
